 Dungeon Crawl Stone Soup version 0.22-a0-348-gd16d1391c7 (webtiles) character file.

7594 Laan the Thaumaturge (level 10, -3/63 HPs)
             Began as a Mummy Fire Elementalist on Apr 9, 2018.
             Was a Priest of Vehumet.
             Slain by an unseen horror (5 damage)
             ... in a labyrinth.
             The game lasted 00:24:18 (11517 turns).

Laan the Thaumaturge (Mummy Fire Elementalist)     Turns: 11517, Time: 00:24:19

Health: -3/63      AC:  8    Str: 11    XL:     10   Next: 97%
Magic:  1/25       EV: 12    Int: 18    God:    Vehumet [***...]
Gold:   461        SH:  0    Dex: 13    Spells: 17/32 levels left

rFire    . . .     SeeInvis .   v - +8 short sword of Proximity {pierce, +Rage rPois}
rCold    + . .     Gourm    .   (no shield)
rNeg     + + +     Faith    .   l - +2 robe {MR+}
rPois    ∞         Spirit   .   (no helmet)
rElec    +         Reflect  .   k - +1 cloak
rCorr    .         Harm     .   a - +1 pair of gloves of Action {rElec rN+ Dex-3}
MR       ++...                  (no boots)
Stlth    ++........             (no amulet)
HPRegen  0.20/turn              r - +3 ring of dexterity
MPRegen  0.19/turn              o - ring of protection from fire

@: no status effects
A: no food or potions, fire vulnerability, cold resistance 1, negative energy
resistance 3, torment resistance, unbreathing
a: Renounce Religion


You were in a labyrinth.
You worshipped Vehumet.
Vehumet was most pleased with you.
You were not hungry.

You visited 3 branches of the dungeon, and saw 11 of its levels.
You also visited: Labyrinth.

You collected 461 gold pieces.

Inventory:

Hand Weapons
 v - the +8 short sword of Proximity (weapon) {pierce, +Rage rPois}
   (You found it on level 6 of the Dungeon)

   It inflicts extra damage upon your enemies.
   It protects you from poison.
   It lets you go berserk.
Armour
 a - the +1 pair of gloves of Action (worn) {rElec rN+ Dex-3}
   (You found it on level 8 of the Dungeon)

   It affects your dexterity (-3).
   It insulates you from electricity.
   It protects you from negative energy.
 d - a +0 pair of gloves
 k - a +1 cloak (worn)
 l - a +2 robe of magic resistance (worn)
 t - the +3 shield of Idealism {+Blink rC+ Str+3 Dex+2}
   (You found it on level 6 of the Dungeon)

   It affects your strength (+3).
   It affects your dexterity (+2).
   It protects you from cold.
   It lets you blink.
Jewellery
 j - an uncursed ring of stealth
 o - a ring of protection from fire (right hand)
 r - a +3 ring of dexterity (left hand)
Wands
 b - a wand of enslavement (11)
 h - a wand of digging (13)
 s - a wand of iceblast (12)
 x - a wand of acid (20)
 y - a wand of random effects (7)
Scrolls
 c - 5 scrolls of identify
 e - 3 scrolls of fear
 f - a scroll of enchant armour
 g - 2 scrolls of teleportation
 i - 2 scrolls of amnesia
 m - a scroll of holy word {unknown}
 n - 4 scrolls of magic mapping
 p - a scroll of remove curse


   Skills:
 - Level 1.5 Dodging
 - Level 1.5 Stealth
 + Level 11.7 Spellcasting
 * Level 11.5 Conjurations
 - Level 2.4 Fire Magic


You had 17 spell levels left.
You knew the following spells:

 Your Spells              Type           Power        Failure   Level  Hunger
a - Flame Tongue          Conj/Fire      #####        1%          1    N/A
b - Conjure Flame         Conj/Fire      #####...     1%          3    N/A
c - Sticky Flame          Conj/Fire      #####...     1%          4    N/A
d - Fireball              Conj/Fire      #####.....   3%          5    N/A
e - Throw Frost           Conj/Ice       ####..       1%          2    N/A

Dungeon Overview and Level Annotations

Branches:
Dungeon (9/15)             Temple (1/1) D:4            Lair (1/6) D:9
    Orc (0/2) D:9

Altars:
Ashenzari
Cheibriados
Dithmenos
Elyvilon
Fedhas
Gozag
Hepliaklqana
Kikubaaqudgha
Makhleb
Nemelex Xobeh
Okawaru
Qazlal
Ru
Sif Muna
Trog
Uskayaw
Vehumet
Wu Jian
Xom
Yredelemnul
Zin
The Shining One

Shops:
D:5 !


Innate Abilities, Weirdness & Mutations

You do not eat or drink.
Your flesh is vulnerable to fire.
You are immune to poison.
Your flesh is cold resistant. (rC+)
You are immune to negative energy. (rN+++)
You are immune to unholy pain and torment.
You can survive without breathing.


Message History

Vehumet accepts your kill. Something hits you!
Casting: Flame Tongue (safe; 1% risk of failure)
Confirm with . or Enter, or press ? or * to list all spells.
Aiming: Conjure Flame (safe; 1% risk of failure)
Press: ? - help, Dir - move target cursor You see a ghostly outline there, and the spell fizzles.
Something hits you. Something hits you but does no damage. Something hits you.
Something hits you!
* * * LOW HITPOINT WARNING * * *
Something hits you.
* * * LOW HITPOINT WARNING * * *
You can't drink.
Something hits you but does no damage. Something hits you!
* * * LOW HITPOINT WARNING * * *
Something hits you.
You die...

#.## .
...####
#...Z.... #
###.#########
#.Z{#...Z.@.#
###.#.#####.#
##▓ #...#
#...# # ## ##
###.# # .▓ #
..# #. # #.##
.#. ........
# .#####. .#
#...


You could see a troll skeleton.

Vanquished Creatures
  The ghost of GordonOverkill the Cleaver, a novice HOEn of Okawaru (D:6)
  Maurice (D:8)
  The ghost of Laan the Chopper, a novice FoFi of the Shining One (D:4)
  A rime drake (Lair:1)
  The ghost of Sassnad the Chopper, an amateur FoFi (D:3)
  2 hippogriffs (D:9)
  A wyvern (D:8)
  4 yaks (Lair:1)
  3 wargs (D:9)
  Menkaure (D:7)
  A water moccasin (Lair:1)
  2 orc warriors
  A black bear (D:9)
  6 ogres
  An ice beast (D:7)
  A necrophage (D:9)
  2 centaurs (D:8)
  A phantom (D:7)
  A crocodile (Lair:1)
  2 big kobolds (D:9)
  3 bullfrogs
  14 killer bees
  2 howler monkeys (D:8)
  13 wights
  5 crimson imps
  A centaur zombie (D:7)
  A bullfrog zombie (D:9)
  3 hounds
  2 jellies
  2 bullfrog skeletons
  3 centaur skeletons
  Crazy Yiuf (D:2)
  2 orc priests
  7 orc wizards
  Jessica (D:2)
  Natasha (thrice) (D:2)
  7 worker ants
  An ogre skeleton (Lab)
  A hound skeleton (D:6)
  A worker ant zombie (D:5)
  A howler monkey skeleton (D:7)
  16 adders
  A shadow imp (D:9)
  3 worms
  14 dart slugs
  4 leopard geckos
  22 orcs
  6 bats
  5 giant cockroaches
  12 goblins
  10 hobgoblins
  4 jackals
  4 quokkas
  3 frilled lizards
  A jackal skeleton (D:6)
  14 kobolds
  2 leopard gecko skeletons
  A quokka skeleton (D:4)
  4 rats
  A fungus (D:2)
235 creatures vanquished.

Vanquished Creatures (others)
  6 fungi (Lair:1)
  33 plants (Lair:1)
39 creatures vanquished.

Grand Total: 274 creatures vanquished

Notes
Turn   | Place    | Note
-------+----------+-------------------------------------------
     0 | D:1      | Laan the Mummy Fire Elementalist began the quest for the Orb.
     0 | D:1      | Reached XP level 1. HP: 13/13 MP: 4/4
   136 | D:1      | Reached skill level 1 in Conjurations
   342 | D:1      | Reached XP level 2. HP: 19/19 MP: 4/6
   459 | D:1      | Found a shattered altar of Ashenzari.
   839 | D:1      | Reached XP level 3. HP: 13/24 MP: 2/7
  1597 | D:2      | Noticed Natasha
  1604 | D:2      | Killed Natasha
  1604 | D:2      | Reached XP level 4. HP: 17/30 MP: 3/9
  1653 | D:2      | Noticed Natasha
  1663 | D:2      | Killed Natasha
  2130 | D:2      | Noticed Natasha
  2179 | D:2      | Killed Natasha
  2179 | D:2      | Reached XP level 5. HP: 30/35 MP: 4/11
  2286 | D:2      | Found a hazy altar of Hepliaklqana.
  2290 | D:2      | Found a blossoming altar of Fedhas.
  2291 | D:2      | Found an opulent altar of Gozag.
  2291 | D:2      | Found a stormy altar of Qazlal.
  2292 | D:2      | Found a sparkling altar of Nemelex Xobeh.
  2296 | D:2      | Found a hide-covered altar of Uskayaw.
  2488 | D:2      | Learned a level 3 spell: Conjure Flame
  2491 | D:2      | Found a runed door.
  2495 | D:2      | Noticed Crazy Yiuf
  2502 | D:2      | Killed Crazy Yiuf
  2727 | D:2      | Noticed Jessica
  2731 | D:2      | Killed Jessica
  3157 | D:3      | Reached XP level 6. HP: 40/41 MP: 6/13
  3384 | D:3      | Noticed Sassnad's ghost (amateur FoFi)
  3408 | D:3      | Killed Sassnad's ghost
  3408 | D:3      | Reached skill level 5 in Spellcasting
  3875 | D:4      | Learned a level 4 spell: Sticky Flame
  3881 | D:4      | Learned a level 5 spell: Fireball
  4027 | D:4      | Reached skill level 5 in Conjurations
  4031 | D:4      | Reached XP level 7. HP: 46/46 MP: 3/15
  4045 | D:4      | Noticed Laan's ghost (novice FoFi)
  4192 | D:4      | Killed Laan's ghost
  4317 | D:4      | Found a staircase to the Ecumenical Temple.
  4329 | Temple   | Entered the Ecumenical Temple
  4793 | D:4      | Found a sparkling altar of Nemelex Xobeh.
  5031 | D:5      | Entered Level 5 of the Dungeon
  5391 | D:4      | Reached XP level 8. HP: 50/52 MP: 14/18
  5450 | D:5      | Found a radiant altar of Vehumet.
  5452 | D:5      | Found an ancient bone altar of Kikubaaqudgha.
  5458 | D:5      | Became a worshipper of Vehumet
  6087 | D:5      | Found Qeotes's Distillery.
  6301 | D:6      | Noticed GordonOverkill's ghost (novice HOEn)
  6316 | D:6      | Killed GordonOverkill's ghost
  6548 | D:6      | Reached XP level 9. HP: 57/57 MP: 12/21
  6783 | D:6      | Reached * piety under Vehumet
  6783 | D:6      | Offered knowledge of Sting by Vehumet.
  6784 | D:6      | Got a twisted shield
  6863 | D:6      | Found a shimmering altar of Xom.
  7295 | D:6      | Got a steaming short sword
  7296 | D:6      | Identified the +8 short sword of Proximity {pierce, +Rage rPois} (You found it on level 6 of the Dungeon)
  7321 | D:6      | Found a burning altar of Makhleb.
  7731 | D:7      | Found a sacrificial altar of Ru.
  7731 | D:7      | Found a deep blue altar of Sif Muna.
  7980 | D:7      | Noticed Menkaure
  7986 | D:7      | Killed Menkaure
  8266 | D:7      | Identified the +3 shield of Idealism {+Blink rC+ Str+3 Dex+2} (You found it on level 6 of the Dungeon)
  8280 | D:8      | Reached skill level 10 in Spellcasting
  8292 | D:8      | Found an ornate altar of the Wu Jian Council.
  8336 | D:8      | Offered knowledge of Throw Frost by Vehumet.
  8340 | D:8      | Reached ** piety under Vehumet
  8350 | D:8      | Learned a level 2 spell: Throw Frost
  8529 | D:8      | Got a pair of transparent gloves
  8530 | D:8      | Identified the +1 pair of gloves of Action {rElec rN+ Dex-3} (You found it on level 8 of the Dungeon)
  8580 | D:8      | Reached XP level 10. HP: 63/63 MP: 17/24
  8660 | D:8      | Noticed Maurice
  8687 | D:8      | Reached skill level 10 in Conjurations
  8701 | D:8      | Killed Maurice
  9624 | D:8      | Found a blossoming altar of Fedhas.
  9719 | D:9      | Found a staircase to the Orcish Mines.
  9791 | D:9      | Offered knowledge of Ignite Poison by Vehumet.
 10003 | D:9      | Found a staircase to the Lair.
 10273 | D:9      | Reached *** piety under Vehumet
 10604 | D:9      | Found a white marble altar of Elyvilon.
 10805 | D:9      | Found an iron altar of Okawaru.
 10916 | Lair:1   | Entered Level 1 of the Lair of Beasts
 11086 | Lair:1   | Offered knowledge of Iskenderun's Mystic Blast by Vehumet.
 11184 | Lair:1   | Noticed a spiny frog
 11216 | Lair:1   | Found a labyrinth entrance.
 11259 | Lab      | Entered a labyrinth
 11517 | Lab      | HP: 2/63 [something (8)]
 11517 | Lab      | Slain by an unseen horror

Vault maps used:
D:1:      lightli_arrival_quake, kennysheep_minor_cross,
          nicolae_ashenzari_panopticon
D:2:      minitemple, uniq_crazy_yiuf_cottage, uniq_robin, uniq_natasha,
          uniq_jessica
D:3:      first_ration, corexii_leaking_fountain
D:4:      temple_statues, nemelex_spade_bored_becter
D:5:      kennysheep_slugbush, grunt_temple_overflow_open, serial_shops,
          kennysheep_mini, st_stairs_10
D:6:      lightli_temple_of_fire, basic_altar
D:7:      gammafunk_temple_overflow_pools, uniq_menkaure
D:8:      nicolae_overflow_hidden_temple, basic_altar, grunt_ogre_cave,
          hangedman_decor_points, minmay_misc_feat_iff, skrybe_limestone_x,
          uniq_maurice
D:9:      kennysheep_okawaru_gauntlet, erik_lair_orcish_takeover, orc_0_dummy,
          basic_altar
Temple:   jpeg_temple_island
Lair:1:   minmay_lair_venomous_thicket, lab_entry_generic
Lab:      nicolae_lab_very_dead_end, nicolae_lab_flowing_pool,
          nicolae_lab_quarters

Skill      XL: |  1  2  3  4  5  6  7  8  9 10 |
---------------+-------------------------------+-----
Conjurations   | 1 2 3 4 5 6 8 9 11 | 11.5
Spellcasting   | 3 4 5 6 8 10 11 | 11.7
Dodging        | |  1.5
Stealth        | |  1.5
Fire Magic     | |  2.4

Action                   |  1- 3 |  4- 6 |  7- 9 | 10-12 || total
-------------------------+-------+-------+-------+-------++-------
Melee: Unarmed           |     8 |       |       |       ||     8
       Short sword       |       |    16 |    25 |    14 ||    55
       Rapier            |       |       |    36 |       ||    36
       Trident           |       |       |    36 |       ||    36
 Cast: Flame Tongue      |    78 |   105 |   275 |   221 ||   679
       Conjure Flame     |       |     3 |     9 |    11 ||    23
       Sticky Flame      |       |       |     1 |     9 ||    10
       Fireball          |       |       |       |     3 ||     3
  Use: Scroll            |       |       |    14 |       ||    14
 Stab: Sleeping          |       |       |     3 |       ||     3
Armor: Robe              |    11 |    15 |    47 |    18 ||    91
Dodge: Dodged            |    45 |    29 |    99 |    48 ||   221

Table legend:
 A = Spawn XP
 B = Non-spawn XP
 C = Spawn XP percentage of total XP
 D = Spawn monster count
 E = Non-spawn monster count
 F = Spawn count percentage of total count
 G = Total turns spent on level
                    A         B        C        D         E        F      G
               +---------+---------+-------+---------+---------+-------+---------
         Total |       0 |   10849 |   0.0 |       0 |     234 |   0.0 | 11517
               +---------+---------+-------+---------+---------+-------+---------
           D:1 |       0 |      53 |   0.0 |       0 |      29 |   0.0 |  1272
           D:2 |       0 |     260 |   0.0 |       0 |      21 |   0.0 |  1694
           D:3 |       0 |     373 |   0.0 |       0 |      17 |   0.0 |  1008
           D:4 |       0 |     719 |   0.0 |       0 |      18 |   0.0 |  1161
           D:5 |       0 |     352 |   0.0 |       0 |      24 |   0.0 |   853
           D:6 |       0 |    1693 |   0.0 |       0 |      28 |   0.0 |  1168
           D:7 |       0 |    1381 |   0.0 |       0 |      19 |   0.0 |   913
           D:8 |       0 |    2406 |   0.0 |       0 |      32 |   0.0 |  1439
           D:9 |       0 |    2127 |   0.0 |       0 |      36 |   0.0 |  1200
        Lair:1 |       0 |    1462 |   0.0 |       0 |       9 |   0.0 |   343
           Lab |       0 |      23 |   0.0 |       0 |       1 |   0.0 |   258
               +---------+---------+-------+---------+---------+-------+---------
